 Dungeon Crawl Stone Soup version 0.16-a0-296-gbdb9f68 (webtiles) character file.

267 Kashira the Gusty (level 6, -3/32 HPs)
             Began as a Tengu Air Elementalist on Aug 29, 2014.
             Slain by an ogre skeleton (12 damage)
             ... on Level 4 of the Dungeon.
             The game lasted 00:14:21 (4109 turns).

Kashira the Gusty (Tengu Air Elementalist)          Turns: 4109, Time: 00:14:21

HP  -3/32        AC  3     Str  8      XL: 6   Next: 21%
MP   1/15        EV 13     Int 17      God:
Gold 114         SH  0     Dex 15      Spells:  1 memorised, 11 levels left

rFire  . . .     SeeInvis .     y - -1 trident (curse)
rCold  . . .     Clarity  .     a - +0 robe
rNeg   . . .     rCorr    .     (no shield)
rPois  .         rRot     .     (helmet restricted)
rElec  .         Spirit   .     (no cloak)
SustAb .         Warding  .     l - +0 pair of gloves
rMut   .         Stasis   .     (boots unavailable)
Gourm  .                        (no amulet)
MR     .....                    (no ring)
                                (no ring)

@: not resistant to hostile enchantments, unstealthy
A: able to fly, beak, talons 3
a: Fly


You were on level 4 of the Dungeon.
You were not hungry.

You visited 1 branch of the dungeon, and saw 4 of its levels.

You collected 114 gold pieces.

Inventory:

Hand weapons
 d - a +0 dagger
 n - a +0 great sword
 y - a cursed -1 trident (weapon)
Missiles
 x - 6 tomahawks (quivered)
Armour
 a - a +0 robe (worn)
 l - a +0 pair of gloves (worn)
Comestibles
 c - 2 bread rations
 o - a meat ration
 r - 2 slices of pizza
 B - a chunk of worm flesh
Scrolls
 e - 3 scrolls of enchant weapon {unknown}
 f - 2 scrolls of noise {unknown}
 g - 2 scrolls of remove curse {unknown}
 h - a scroll of recharging {unknown}
 k - 3 scrolls of identify
 p - a scroll of amnesia {unknown}
 s - a scroll of random uselessness {unknown}
 t - a scroll of blinking {unknown}
 u - a scroll of teleportation {unknown}
 w - a scroll of fear {unknown}
Potions
 i - 2 potions of cancellation
 j - 3 potions of curing {unknown}
 m - a potion of restore abilities {unknown}
 q - a potion of might {unknown}
 v - a potion of heal wounds {unknown}
 z - a potion of brilliance {unknown}
 A - a potion of resistance {unknown}
Books
 b - a book of Air

   Spells                             Type                      Level
   *Shock                             Conjuration/Air              1
   Swiftness                          Charms/Air                   2
   Repel Missiles                     Charms/Air                   2
   Flight                             Charms/Air                   3
   Static Discharge                   Conjuration/Air              3
   Lightning Bolt                     Conjuration/Air              5


   Skills:
 + Level 2.8 Dodging
 + Level 2.0 Stealth
 + Level 0.2 Unarmed Combat
 + Level 3.8 Spellcasting
 + Level 3.8 Conjurations
 + Level 5.9 Air Magic


You had 11 spell levels left.
You knew the following spells:

 Your Spells              Type           Power        Failure   Level  Hunger
a - Shock                 Conj/Air       ###.         2%          1    None


Dungeon Overview and Level Annotations

Branches:
Dungeon (4/15)             Temple (0/1) D:4

Altars:
Dithmenos
Nemelex Xobeh
Trog
The Shining One

Annotations:
D:4 Kashira's ghost, average TeAE


Innate Abilities, Weirdness & Mutations

You can fly.
You have a beak for a mouth.
You have claws for feet.


Message History

Press: ? - help, Shift-Dir - straight line, f/p - ogre skeleton
Aim: an ogre skeleton The zap hits the ogre skeleton.
The ogre skeleton hits you.
Casting: Shock
Confirm with . or Enter, or press ? or * to list all spells.
Aiming: Shock
Press: ? - help, Shift-Dir - straight line, f/p - ogre skeleton
Aim: an ogre skeleton The zap hits the ogre skeleton.
The ogre skeleton hits you!
* * * LOW HITPOINT WARNING * * *
Casting: Shock
Confirm with . or Enter, or press ? or * to list all spells.
Aiming: Shock
Press: ? - help, Shift-Dir - straight line, f/p - ogre skeleton
Aim: an ogre skeleton
Okay, then.
Drink which item? (? for menu, Esc to quit)
Okay, then.
The ogre skeleton hits you!
You die...

###.#### #.# ##.#### #.# #
#.....######.##### .# ..
#..........#..##.# #.#. #.
#.............##.# ..... . ..
##.#####...##.##.#...#.# ##.###.
#.# ##...##.##.#...... ......
###.. ..........#Z....#.####..#..
................@.............#..
####%#####.#....###...........#..
.# #....... .....#....... .#
#.##...## ...###...... .# #.
#...# #..###..##.< ... .)...
#..#.. ##.. ....... ...>..
##.....##... ..##....# ..#.#
...(......... ........## .
#.........##.


You could see an ogre skeleton.

Vanquished Creatures
  A giant frog skeleton (D:4)
  An orc priest (D:3)
  An ogre skeleton (D:4)
  5 adders
  4 gnolls (D:3)
  3 worms
  6 giant geckos
  4 orcs
  5 giant cockroaches
  6 goblins
  6 hobgoblins
  8 kobolds
  4 quokkas
  2 ball pythons (D:2)
  6 bats
  5 giant newts
  10 jackals (D:1)
  11 rats
88 creatures vanquished.

Notes
Turn   | Place    | Note
--------------------------------------------------------------
     0 | D:1      | Kashira, the Tengu Air Elementalist, began the quest for the Orb.
     0 | D:1      | Reached XP level 1. HP: 10/10 MP: 3/3
   437 | D:1      | Reached XP level 2. HP: 15/15 MP: 1/5
  1072 | D:1      | Reached XP level 3. HP: 19/19 MP: 1/7
  1705 | D:2      | Found a sparkling altar of Nemelex Xobeh.
  1922 | D:2      | Reached skill level 5 in Air Magic
  1922 | D:2      | Reached XP level 4. HP: 17/24 MP: 0/9
  2435 | D:3      | Found a bloodstained altar of Trog.
  2622 | D:3      | Reached XP level 5. HP: 22/28 MP: 2/13
  3534 | D:3      | Found a glowing golden altar of the Shining One.
  3789 | D:4      | Found a shadowy altar of Dithmenos.
  3875 | D:4      | Reached XP level 6. HP: 19/32 MP: 1/15
  4066 | D:4      | Noticed Kashira's ghost (average TeAE)
  4088 | D:4      | Found a staircase to the Ecumenical Temple.
  4109 | D:4      | Slain by an ogre skeleton

Action                   |  1- 3 |  4- 6 || total
-------------------------+-------+-------++-------
Melee: Unarmed           |     2 |       ||     2
       Dagger            |    14 |       ||    14
       Great sword       |     2 |     1 ||     3
       Trident           |       |     2 ||     2
 Cast: Shock             |    85 |   140 ||   225
  Use: Scroll            |       |     1 ||     1
       Potion            |       |     1 ||     1
  Eat: Chunk             |     4 |     7 ||    11
